 Dungeon Crawl Stone Soup version 0.28.0-53-g5a82cb258f (webtiles) character file.

Game seed: 5088487990746635444

115 gememama the Sneak (level 5, -1/36 HPs)
             Began as an Octopode Brigand on Aug 25, 2022.
             Slain by an orc wizard
             ... wielding a +0 dagger
              (3 damage)
             ... on level 3 of the Dungeon.
             The game lasted 00:03:08 (2395 turns).

gememama the Sneak (Octopode Brigand)               Turns: 2395, Time: 00:03:08

Health: -1/36      AC:  1    Str: 11    XL:     5   Next: 0%
Magic:  5/5        EV: 13    Int: 15    God:
Gold:   60         SH:  0    Dex: 13    Spells: 4/4 levels left

rFire   . . .      SeeInvis .   a - +0 whip (venom)
rCold   . . .      Faith    .   (no shield)
rNeg    . . .      Spirit   .   (helmet restricted)
rPois   .          Reflect  .   (no amulet)
rElec   .          Harm     .   (no ring)
rCorr   .          Rampage  .   (no ring)
Will    .....                   (no ring)
Stlth   ++++......              (no ring)
HPRegen 0.12/turn               (no ring)
MPRegen 0.09/turn               (no ring)
                                (no ring)
                                (no ring)

@: no status effects
A: almost no armour, amphibious, 8 rings, camouflage 1, gelatinous body 1,
(nimble swimmer 1), tentacles
a: no special abilities


You were on level 3 of the Dungeon.
You visited 1 branch of the dungeon, and saw 3 of its levels.

You collected 60 gold pieces.

Inventory:

Hand Weapons
 a - a +0 whip of venom (weapon)
 k - a +2 dagger
 l - a +2 dagger of pain
Missiles
 b - 8 poisoned darts (quivered)
 c - 2 curare-tipped darts
 f - 53 stones
 o - 20 sling bullets
Scrolls
 d - 2 scrolls of amnesia {unknown}
 e - a scroll of vulnerability {unknown}
 h - 3 scrolls of identify {unknown}
 j - a scroll of teleportation {unknown}
 n - a scroll of magic mapping {unknown}
Potions
 g - 2 potions of curing {unknown}
 i - 2 potions of brilliance {unknown}
 m - a potion of mutation {unknown}


   Skills:
 * Level 3.4 Fighting
 - Level 2.0 Short Blades
 + Level 2.7 Throwing
 + Level 2.1 Dodging
 + Level 6.1 Stealth


You had 4 spell levels left.
You didn't know any spells.
Your spell library was empty.

Dungeon Overview and Level Annotations

Branches:
Dungeon (3/15)

Altars:


Innate Abilities, Weirdness & Mutations

You cannot wear most types of armour.
You are amphibious.
You can wear up to eight rings at the same time.
Your skin changes colour to match your surroundings (Stealth+).
Your rubbery body absorbs attacks. (AC +1, EV +1)
((You are camouflaged when in or above water. (Stealth+)))
You have tentacles for arms and can constrict up to eight enemies at once.


Message History

You completely miss the orc. You grab the orc.
You constrict the orc, but do no damage.
The orc completely misses you.
You hit the orc.
The orc is poisoned.
The orc is lightly wounded.
You constrict the orc. The orc barely misses you.
You hit the orc.
The orc looks as sick as possible!
The orc is almost dead.
You constrict the orc.
You kill the orc!
A magic dart appears from out of thin air!
The magic dart hits you!
You have reached level 5!
You feel stronger.
You closely miss something.
You hear some strange, mumbled words.
A puff of flame appears from out of thin air!
The puff of flame misses you.
You closely miss something.
You hear some strange, mumbled words.
Something tries to affect you, but you resist.
You closely miss something. Something hits you.
You closely miss something. Something barely misses you.
You miss something. Your squeeze misses something. Something hits you.
You closely miss something. Something barely misses you.
You miss something.
You hear some strange, mumbled words.
Something tries to affect you, but you resist.
You miss something. You squeeze something. Something barely misses you.
You hit something. Something hits you.
* * * LOW HITPOINT WARNING * * *
You hit something. Your squeeze misses something. Something barely misses you.
Something hits you but does no damage.
You completely miss something.
You hear some strange, mumbled words.
A magic dart appears from out of thin air!
The magic dart hits you!
* * * LOW HITPOINT WARNING * * *
You closely miss something. Something hits you.
You die...

##.#. ...# ...# ..###
.... #.. #{# #@# ###
##### #.# .. ....
#.####### #. ##.##
#.......#
#.##...#####.#####.##
#.<.................#
#..#...#####.#####..#
###.<##.## #.# ##..#
.........# #.# #...#


There were no monsters in sight!

Vanquished Creatures
  4 gnolls
  An adder (D:2)
  2 dart slugs
  3 orcs (D:3)
  3 endoplasms
  2 giant cockroaches
  8 goblins
  6 hobgoblins
  4 jackals (D:2)
  9 kobolds
  2 quokkas (D:1)
  6 ball pythons
  4 bats
  2 frilled lizards
  4 rats
60 creatures vanquished.

Notes
Turn   | Place    | Note
-------+----------+-------------------------------------------
     0 | D:1      | gememama the Octopode Brigand began the quest for the Orb.
     0 | D:1      | Reached XP level 1. HP: 14/14 MP: 1/1
   126 | D:1      | Reached XP level 2. HP: 13/19 MP: 2/2
   832 | D:1      | Reached XP level 3. HP: 19/25 MP: 3/3
  1430 | D:2      | Reached XP level 4. HP: 31/31 MP: 4/4
  1722 | D:2      | Reached skill level 6 in Stealth
  1965 | D:2      | Found a faded altar of an unknown god.
  2384 | D:3      | Reached XP level 5. HP: 16/36 MP: 5/5
  2395 | D:3      | Slain by an orc wizard

Illustrated notes

Levels and vault maps discovered:
D:1:      saegor_arrival_simple_d, layout_rooms
D:2:      layout_loops_cross, hellmonk_ecumenical_altar_inner_sanctum
D:3:      layout_loops_ring, serial_shops, shop, kennysheep_cluttered_room,
          grunt_ministairs_14

Skill      XL: |  1  2  3  4 |
---------------+-------------+-----
Fighting       | 3 |  3.4
Stealth        | 6 |  6.1
Dodging        | 2 |  2.1
Short Blades   | |  2.0
Throwing       | |  2.7

Action                   |  1- 3 |  4- 6 || total
-------------------------+-------+-------++-------
Melee: Dagger            |    65 |    17 ||    82
       Constrict         |    16 |    13 ||    29
       Tentacles         |    11 |    10 ||    21
       Whip              |       |    33 ||    33
       Punch             |       |     1 ||     1
Throw: Dart              |     4 |       ||     4
 Stab: Sleeping          |    11 |     8 ||    19
Armor: Skin              |     1 |     3 ||     4
Dodge: Dodged            |    23 |    16 ||    39
